 Dungeon Crawl Stone Soup version 0.27-a0-679-g77a6b55cf3 (webtiles) character file.

Game seed: 15807833824521232768

83 kae the Ruffian (level 4, 0/39 HPs)
             Began as a Naga Transmuter on Mar 18, 2021.
             Slain by Natasha (3 damage)
             ... on level 2 of the Dungeon.
             The game lasted 00:02:54 (1923 turns).

kae the Ruffian (Naga Transmuter)                   Turns: 1923, Time: 00:02:54

Health: 0/39       AC:  2    Str: 13    XL:     4   Next: 44%
Magic:  2/7        EV: 10    Int: 14    God:
Gold:   48         SH:  0    Dex: 11    Spells: 3/7 levels left

rFire    + . .     SeeInvis +     - Unarmed
rCold    + . .     Faith    .   (no shield)
rNeg     . . .     Spirit   .   a - +0 robe
rPois    +         Reflect  .   (no helmet)
rElec    +         Harm     .   (no cloak)
rCorr    +         Rampage  .   (no gloves)
Will     .....                  (no barding)
Stlth    +.........             (no amulet)
HPRegen  0.13/turn              (no ring)
MPRegen  0.10/turn              (no ring)

@: resistant, attractive, very slightly contaminated, slowed, invisible, very
slow
A: AC +1, large, see invisible, deformed body, poison resistance, slowness 2,
spit poison 1, naga tail 1
a: Spit Poison


You were on level 2 of the Dungeon.
You visited 1 branch of the dungeon, and saw 2 of its levels.

You collected 48 gold pieces.

Inventory:

Armour
 a - a +0 robe (worn)
Jewellery
 e - a ring of see invisible
Potions
 b - 2 potions of attraction


   Skills:
 + Level 1.6 Fighting
 + Level 2.0 Dodging
 * Level 3.6 Unarmed Combat
 + Level 2.4 Spellcasting
 * Level 3.0 Transmutations


You had 3 spell levels left.
You knew the following spells:

 Your Spells              Type           Power      Damage    Failure   Level
a - Beastly Appendage     Tmut           20%        N/A       7%          1
b - Spider Form           Tmut/Pois      2%         N/A       36%         3

Your spell library contained the following spells:

 Spells                   Type           Power      Damage    Failure   Level
 Wereblood                Tmut           10%        N/A       10%         2
 Animate Skeleton         Necr           2%         N/A       22%         1
 Apportation              Tloc           2%         N/A       22%         1
 Corona                   Hex            1%         N/A       22%         1
 Summon Small Mammal      Summ           4%         N/A       22%         1
 Ice Form                 Ice/Tmut       5%         N/A       77%         4
 Blade Hands              Tmut           5%         N/A       88%         5


Dungeon Overview and Level Annotations

Branches:
Dungeon (2/15)

Altars:

Annotations:
D:2 Natasha


Innate Abilities, Weirdness & Mutations

Your serpentine skin is tough. (AC +1)
You have supernaturally acute eyesight. (SInv)
Armour fits poorly on your strangely shaped body.
Your system is resistant to poisons. (rPois)
You cover ground very slowly.
You can spit poison.
You have a snake-like lower body.


Message History

You kill the goblin!
Natasha stares at you and mumbles some strange words.
You feel yourself slow down.
You hit the hobgoblin.
You kill the hobgoblin!
Natasha claws you.
Your Transmutations skill increases to level 3!
Casting: Spider Form (quite dangerous; 36% risk of failure)
Confirm with . or Enter, or press ? or * to list all spells.
The spell is quite dangerous to cast (36% risk of failure)!
Continue anyway? [Y]es or [N]o only, please.
The spell is quite dangerous to cast (36% risk of failure)!
Continue anyway?
You miscast Spider Form.
Nothing appears to happen.
Natasha barely misses you.
There are monsters nearby!
It was a potion of attraction.
You feel attractive to monsters. Natasha claws you. x2
Abil: Spit Poison
Press: ? - help, Q - select action, (/) - cycle Shift-Dir - straight line, f - Natasha
Aim: Natasha, carrying a wand of flame (27)
The splash of poison hits Natasha but does no damage.
Natasha claws you!
There are monsters nearby!
It was a potion of invisibility.
You fade into invisibility!
Your horns disappear.
Natasha mumbles some strange words.
Natasha barely misses you.
It was a potion of resistance.
You feel protected. Natasha claws you.
You closely miss Natasha.
You have got your breath back.
Natasha claws you!
* * * LOW HITPOINT WARNING * * *
Natasha zaps a wand.
The puff of flame hits you. You resist.
* * * LOW HITPOINT WARNING * * *
Okay, then.
You aren't carrying any scrolls.
You barely miss Natasha. Your punch misses Natasha. Natasha claws you.
You die...

#.# #.#. #.# #.#. ###
#)# #.#.
....##.######### #.#.
#............. #.#.
###............#####.#.
#.##.#######.........
#. #.# #......... #.
#@# #..###...# #. #h#
#......... #. #55#
.###.... ..... ##.#.
..##### #.#. ... #...
.... ..## ..... ###.#.


You could see Natasha, a crimson imp (summoned) and a shadow imp (summoned).

Vanquished Creatures
  Jessica (D:2)
  An adder (D:2)
  A worm (D:1)
  2 dart slugs (D:1)
  2 leopard geckos
  4 bats
  3 giant cockroaches (D:1)
  7 goblins
  3 hobgoblins
  2 quokkas
  2 frilled lizards (D:1)
  8 kobolds
  3 rats
39 creatures vanquished.

Notes
Turn   | Place    | Note
-------+----------+-------------------------------------------
     0 | D:1      | kae the Naga Transmuter began the quest for the Orb.
     0 | D:1      | Reached XP level 1. HP: 18/18 MP: 3/3
   166 | D:1      | Reached XP level 2. HP: 22/25 MP: 3/5
   890 | D:1      | Reached XP level 3. HP: 30/31 MP: 4/6
   894 | D:1      | Learned a level 3 spell: Spider Form
  1567 | D:2      | Noticed Jessica
  1571 | D:2      | Killed Jessica
  1572 | D:2      | Reached XP level 4. HP: 38/38 MP: 5/7
  1910 | D:2      | Noticed Natasha
  1923 | D:2      | Slain by Natasha

Illustrated notes

Levels and vault maps discovered:
D:1:      evilmike_arrival_home_sweet_home, layout_basic, roderic_roman_lattice,
          minmay_misc_feat_room, st_stairs_8
D:2:      layout_loops_ring, uniq_jessica, uniq_natasha

Skill      XL: |  1  2  3  4 |
---------------+-------------+-----
Dodging        | 2 |  2.0
Transmutations | 3 |  3.0
Fighting       | |  1.6
Unarmed Combat | |  3.6
Spellcasting   | |  2.4

Action                   |  1- 3 |  4- 6 || total
-------------------------+-------+-------++-------
Melee: Unarmed           |    40 |    18 ||    58
       Headbutt          |     6 |     3 ||     9
       Punch             |     2 |       ||     2
 Cast: Beastly Appendage |    16 |     6 ||    22
 Abil: Spit Poison       |    19 |     9 ||    28
  Use: Scroll            |     2 |       ||     2
       Potion            |       |     3 ||     3
Armor: Robe              |     7 |       ||     7
Dodge: Dodged            |    24 |    12 ||    36

Table legend: (Time is in decaauts)
 A = Elapsed time spent in this place.
 B = Non-inter-level travel time spent in this place.
 C = Inter-level travel time spent in this place.
 D = Time resting spent in this place.
 E = Time spent auto-exploring this place.
 F = Levels seen in this place.
 G = Mean time per level.
                   A        B        C        D        E       F      G
               +--------+--------+--------+--------+--------+-----+--------+
         Total |   2322 |   2273 |     49 |      2 |   1952 |   2 | 1161.0 |
       Dungeon |   2322 |   2273 |     49 |      2 |   1952 |   2 | 1161.0 |
               +--------+--------+--------+--------+--------+-----+--------+

Top non-repeatable levels by time:
     D:1: 1886 daAuts
     D:2: 435 daAuts
